 Dungeon Crawl Stone Soup version 0.31-a0-691-g409c26aa35 (webtiles) character file.

Game seed: 8857479920528631439

5120 cforsyth the Fighter (level 10, -3/83 HPs)
             Began as a Djinni Chaos Knight on Sept 7, 2023.
             Was a Plaything of Xom.
             Slain by a +0 whip (10 damage)
             ... animated by Xom
             ... on level 8 of the Dungeon.
             The game lasted 00:23:05 (10597 turns).

cforsyth the Fighter (Djinni Chaos Knight)         Turns: 10597, Time: 00:23:06

Health: -3/83      AC: 13    Str: 13      XL:     10   Next: 88%
Gold:   524        EV: 11    Int: 26      God:    Xom [......] SH:  0 Dex:  8 (9)

rFire   + + .        v - +3 flail (protect)
rCold   x . .        (no shield)
rNeg    . . .        b - +3 leather armour
rPois   ∞            (no helmet)
rElec   .            e - +0 cloak
rCorr   .            (no gloves)
SInv    .            (boots unavailable)
Will    +....        j - amulet of the acrobat
Stlth   +            y - ring of wizardry
HPRegen 0.33/turn    (no ring)
MPRegen 0.00/turn

%: acrobat, wizardry (x1), infuse magic (-4 HP)
@: flying, hasted, studying Conjurations, very quick
A: sickness immunity, fire resistance 2, cold vulnerability 1, float, innate
caster, HP casting, extra vitality 1, iridescent scales 3, clever 2, strong 1,
inability to read after injury 1
a: Renounce Religion


You were on level 8 of the Dungeon.
You worshipped Xom.
You were a very special plaything of Xom.
You visited 2 branches of the dungeon, and saw 9 of its levels.
You also visited: Sewer.

You collected 524 gold pieces.

Inventory:

Hand Weapons
 a - a +0 falchion of chaos
 c - the +8 trident "Tokho" {venom, Fly rF- MP+9 SInv}
   (You took it off a gnoll sergeant on level 4 of the Dungeon)

   rF-:       It makes you vulnerable to fire.
   MP+9:      It affects your magic capacity (+9).
   SInv:      It lets you see invisible.
   Fly:       It grants you flight.
 v - a +3 flail of protection (weapon)
Armour
 b - a +3 leather armour (worn)
 e - a +0 cloak (worn)
 i - a +0 plate armour
 l - the +2 buckler of Indemnity {Int+2}
   (You took it off a gnoll sergeant on level 4 of the Dungeon)

   Int+2:     It affects your intelligence (+2).
Jewellery
 j - an amulet of the acrobat (around neck)
 y - a ring of wizardry (left hand)
Wands
 g - a wand of digging (5)
 t - a wand of flame (2)
 w - a wand of iceblast (11)
 z - a wand of polymorph (8)
 A - a wand of light (7)
Potions
 d - 2 potions of might
 f - 2 potions of mutation {unknown}
 k - 3 potions of enlightenment
 m - a potion of haste
 n - 3 potions of brilliance
 p - 3 potions of attraction
 u - a potion of resistance
 C - a potion of curing
 E - a potion of heal wounds {unknown}


   Skills:
 + Level 11.2 Fighting
 - Level 3.0 Long Blades
 - Level 1.6 Armour
 - Level 2.7 Dodging
 + Level 7.9 Spellcasting
 + Level 10.1 Conjurations
 + Level 7.9 Hexes
 + Level 7.9 Summonings
 + Level 7.9 Necromancy
 + Level 7.9 Translocations
 + Level 7.9 Transmutations
 + Level 7.9 Fire Magic
 + Level 7.9 Ice Magic
 + Level 7.9 Air Magic
 + Level 7.9 Earth Magic
 + Level 7.9 Poison Magic


You knew the following spells:

 Your Spells              Type           Power      Damage    Failure   Level
a - Freeze                Ice            100%       1d10      1%          1
b - Lesser Beckoning      Tloc           100%       N/A       1%          2
c - Summon Guardian Gole  Hex/Summ       51%        N/A       1%          3
d - Teleport Other        Tloc           51%        N/A       1%          3
Your spell library was empty.

Dungeon Overview and Level Annotations

Branches:
Dungeon (8/15)             Temple (1/1) D:6            Lair (0/5) D:8
  Sewer (visited)

Altars:
Ashenzari
Cheibriados
Dithmenos
Elyvilon
Fedhas
Gozag
Makhleb
Nemelex Xobeh
Qazlal
Ru
Trog
Uskayaw
Wu Jian
Xom
Yredelemnul
Zin
The Shining One

Shops:
D:1 *   D:3 *(   D:4 ((?:(   D:5 (

Annotations:
D:8 Grum
Abyss:1 Terence


Innate Abilities, Weirdness & Mutations

You are immune to sickness and miasma.
You are immune to poison.
Your flesh is very heat resistant. (rF++)
You are vulnerable to cold. (rC-)
You float through the air rather than walking.
You learn spells naturally, not from books.
Your magical power is your life essence.
You have superior vitality. (+4 MHP)
You are completely covered in iridescent scales. (AC +6)
Your mind is very acute. (Int +8, Str/Dex -2)
Your muscles are strong. (Str +4, Int/Dex -1)
You occasionally lose the ability to read scrolls when taking damage.


Message History

Press: ? - help, Shift-Dir - straight line, p - +0 whip The mass of ice explodes!
The iceblast engulfs the +0 whip!
The +0 whip partially resists.
The +0 whip is severely damaged.
The +0 whip hits your guardian golem!
Aiming: Iceblast
Press: ? - help, Shift-Dir - straight line The mass of ice explodes!
The iceblast engulfs the +0 whip.
The +0 whip partially resists.
The +0 whip is severely damaged.
The +0 whip hits your guardian golem!!
Aiming: Iceblast
Press: ? - help, Shift-Dir - straight line The mass of ice explodes!
The iceblast engulfs the +0 whip.
The +0 whip partially resists.
The +0 whip is severely damaged.
Aiming: Iceblast
Press: ? - help, Shift-Dir - straight line The mass of ice explodes!
The iceblast engulfs the +0 whip but does no damage.
The +0 whip is severely damaged.
The +0 whip hits your guardian golem!
Your guardian golem is destroyed!
Your guardian golem disappears in a puff of smoke!
Aiming: Iceblast
Press: ? - help, Shift-Dir - straight line The mass of ice explodes!
The iceblast engulfs the +0 whip.
The +0 whip partially resists.
The +0 whip is almost destroyed.
Aiming: Iceblast
Press: ? - help, Shift-Dir - straight line The mass of ice explodes!
The iceblast engulfs the +0 whip.
The +0 whip partially resists.
The +0 whip is almost destroyed.
Aiming: Iceblast
Press: ? - help, Shift-Dir - straight line The mass of ice explodes!
The iceblast engulfs the +0 whip.
The +0 whip is almost destroyed.
The +0 whip hits you!
You die...

### #<# #.##### #......
####### ###########
#.........# #.......(@#
#..§.§....#
#§...§....#.
###○.....?...#
..#...............
....#................
#....#...........!....#
#....#...#......##....#
#...............# ....#


You could see a +0 whip.

Vanquished Creatures
  Maurice (D:8)
  Sigmund (D:3)
  Edmund (D:4)
  2 water moccasins (D:7)
  A sky beast (D:4)
  An ice beast (D:7)
  A black bear (D:5)
  2 orc warriors (D:8)
  A centaur (D:7)
  2 phantoms (D:5)
  A kobold brigand (D:6)
  A bullfrog (Sewer)
  2 gnoll sergeants
  A scorpion (D:5)
  3 wights (D:7)
  A jelly (D:5)
  A gnoll bouda (D:4)
  4 hounds
  5 orc priests
  A sleepcap (D:5)
  3 iguanas
  6 orc wizards
  The ghost of Age the Trooper, a weakling MiFi (D:4)
  5 adders
  14 gnolls
  A shadow imp (D:8)
  A white imp (D:7)
  An ufetubus (D:5)
  2 worms
  2 dart slugs (D:2)
  31 orcs
  8 ball pythons
  7 endoplasms
  14 giant cockroaches
  8 goblins
  5 hobgoblins
  10 kobolds
  8 quokkas
  3 bats
  8 frilled lizards
  4 rats
175 creatures vanquished.

Vanquished Creatures (collateral kills)
  A two-headed ogre (D:6)
  A water moccasin (D:6)
  2 ogres (D:6)
  A bullfrog (D:6)
  4 wights (D:6)
  A howler monkey (D:6)
  2 orc priests (D:6)
  An iguana (D:6)
  A sleepcap (D:6)
  An orc wizard (D:6)
  3 gnolls
  A river rat (D:3)
  2 worms (D:2)
  5 orcs (D:6)
  A giant cockroach (D:3)
  A quokka (D:3)
28 creatures vanquished.

Vanquished Creatures (others)
  A blink frog (shapeshifter) (D:3)
  A wyvern (D:4)
  A steam dragon (D:7)
  An orc warrior (D:8)
  2 wights (D:7)
  A jelly (D:4)
  A gnoll bouda (D:6)
  3 orc priests
  2 orc wizards
  An iguana (D:8)
  4 gnolls (D:6)
18 creatures vanquished.

Grand Total: 221 creatures vanquished

Notes
Turn   | Place    | Note
-------+----------+-------------------------------------------
     0 | D:1      | cforsyth the Djinni Chaos Knight began the quest for the
                  | Orb.
     0 | D:1      | Reached XP level 1. HP: 20/20 MP: 0/0
   300 | D:1      | Reached XP level 2. HP: 25/25 MP: 0/0
   406 | D:1      | Found Ydyehog's Assorted Antiques.
   811 | D:1      | XOM: divination: magic mapping
   824 | D:1      | Reached XP level 3. HP: 25/30 MP: 0/0
   824 | D:1      | Learned a level 1 spell: Freeze
   991 | D:1      | Found a faded altar of an unknown god.
  1341 | D:2      | Noticed Terence
  1359 | D:2      | Banished Terence
  1360 | D:2      | Reached XP level 4. HP: 16/36 MP: 0/0
  1715 | D:2      | XOM: 4-stop teleportation journey
  1748 | D:2      | Reached skill level 1 in Spellcasting
  1748 | D:2      | Reached skill level 1 in Conjurations
  1748 | D:2      | Reached skill level 1 in Hexes
  1748 | D:2      | Reached skill level 1 in Summonings
  1748 | D:2      | Reached skill level 1 in Necromancy
  1748 | D:2      | Reached skill level 1 in Translocations
  1748 | D:2      | Reached skill level 1 in Transmutations
  1748 | D:2      | Reached skill level 1 in Fire Magic
  1748 | D:2      | Reached skill level 1 in Ice Magic
  1748 | D:2      | Reached skill level 1 in Air Magic
  1748 | D:2      | Reached skill level 1 in Earth Magic
  1748 | D:2      | Reached skill level 1 in Poison Magic
  1748 | D:2      | XOM: summons friendly iron imp
  1754 | D:2      | Reached skill level 4 in Fighting
  1757 | D:2      | Reached XP level 5. HP: 35/41 MP: 0/0
  1757 | D:2      | Learned a level 2 spell: Lesser Beckoning
  2020 | D:2      | XOM: divination: detect creatures
  2169 | D:2      | XOM: noise
  2308 | D:2      | XOM: silly message
  2518 | D:3      | Found a glowing drain.
  2544 | D:3      | XOM: summons 2 friendly demons
  2566 | Sewer    | Entered a sewer
  2678 | Sewer    | Noticed a bullfrog
  2690 | Sewer    | Killed a bullfrog
  2691 | Sewer    | Reached XP level 6. HP: 42/48 MP: 0/0
  2728 | Sewer    | XOM: silly message
  2836 | Sewer    | XOM: smoke on damage
  3032 | D:3      | Found Ujobbit's Antique Weapon Emporium.
  3051 | D:3      | XOM: 5-stop teleportation journey
  3089 | D:3      | Noticed Sigmund
  3089 | D:3      | XOM: fog
  3247 | D:3      | XOM: silly message
  3251 | D:3      | Killed Sigmund
  3252 | D:3      | Reached skill level 5 in Fighting
  3252 | D:3      | Reached XP level 7. HP: 41/54 MP: 0/0
  3252 | D:3      | Learned a level 3 spell: Summon Guardian Golem
  3358 | D:3      | Found Rink's General Store.
  3407 | D:3      | an orc changed into a shapeshifter
  3407 | D:3      | Noticed a shapeshifter (shapeshifter)
  3407 | D:3      | a shapeshifter changed into a blink frog
  3407 | D:3      | Noticed a blink frog (shapeshifter)
  3420 | D:3      | XOM: silly message
  3420 | D:3      | Killed a blink frog
  3421 | D:3      | Reached skill level 6 in Fighting
  3918 | D:4      | Found Qoakhuas's Magic Scroll Boutique.
  3949 | D:4      | XOM: noise
  3999 | D:4      | Found Vamyab's Book Boutique.
  3999 | D:4      | Noticed a wyvern
  3999 | D:4      | XOM: 6-stop teleportation journey
  4014 | D:4      | Found a transporter.
  4021 | D:4      | Noticed Age's ghost (weakling MiFi)
  4046 | D:4      | Found a transporter.
  4052 | D:4      | Identified the +8 trident "Tokho" {venom, Fly rF- MP+9
                  | SInv}
  4052 | D:4      | Identified the +2 buckler of Indemnity {Int+2}
  4116 | D:4      | Found Tuiff's Weapon Emporium.
  4180 | D:4      | Noticed Edmund
  4180 | D:4      | XOM: scenery: summon butterflies
  4188 | D:4      | XOM: potion effect (haste)
  4189 | D:4      | XOM: cast spell 'Summon Cactus Giant'
  4205 | D:4      | Killed Edmund
  4206 | D:4      | Reached XP level 8. HP: 25/62 MP: 0/0
  4355 | D:4      | XOM: fog
  4365 | D:4      | Killed a wyvern
  4369 | D:4      | XOM: silly message
  4564 | D:4      | Reached skill level 7 in Fighting
  4799 | D:4      | XOM: cloud trail
  4982 | D:4      | Found Ryib's Weapon Boutique.
  5013 | D:4      | Found Loujaela's Weapon Shop.
  5149 | D:4      | XOM: god gift: 53 gold pieces
  5153 | D:4      | XOM: give mutations
  5153 | D:4      | Gained mutation: You are partially covered in iridescent
                  | scales. (AC +2) [Xom's mischief]
  5153 | D:4      | Gained mutation: You occasionally lose the ability to read
                  | scrolls when taking damage. [Xom's mischief]
  5153 | D:4      | Gained mutation: Your muscles are strong. (Str +4, Int/Dex
                  | -1) [Xom's mischief]
  5234 | D:4      | XOM: god gift: scroll labelled TIMO BYNA NYTO {god gift}
  5259 | D:4      | XOM: summons friendly quasit
  5590 | D:4      | XOM: summons friendly quasit
  5591 | D:4      | XOM: summons friendly quasit
  5606 | D:4      | Killed Age's ghost
  5858 | D:5      | Entered Level 5 of the Dungeon
  5892 | D:5      | XOM: blink monster(s)
  6119 | D:4      | XOM: noise
  6278 | D:5      | Reached skill level 5 in Conjurations
  6372 | D:5      | Reached skill level 5 in Spellcasting
  6372 | D:5      | Reached skill level 5 in Hexes
  6372 | D:5      | Reached skill level 5 in Summonings
  6372 | D:5      | Reached skill level 5 in Necromancy
  6372 | D:5      | Reached skill level 5 in Translocations
  6372 | D:5      | Reached skill level 5 in Transmutations
  6372 | D:5      | Reached skill level 5 in Fire Magic
  6372 | D:5      | Reached skill level 5 in Ice Magic
  6372 | D:5      | Reached skill level 5 in Air Magic
  6372 | D:5      | Reached skill level 5 in Earth Magic
  6372 | D:5      | Reached skill level 5 in Poison Magic
  6375 | D:5      | XOM: give mutations
  6375 | D:5      | Gained mutation: Your mind is acute. (Int +4, Str/Dex -1)
                  | [Xom's mischief]
  6375 | D:5      | Gained mutation: You are mostly covered in iridescent
                  | scales. (AC +4) [Xom's mischief]
  6407 | D:5      | You are sucked into a shaft and drop 1 floor!
  6434 | D:6      | Reached XP level 9. HP: 67/70 MP: 0/0
  6434 | D:6      | Learned a level 3 spell: Teleport Other
  6554 | D:6      | Noticed a two-headed ogre
  6555 | D:6      | Reached skill level 8 in Fighting
  6556 | D:6      | Killed a two-headed ogre
  6560 | D:6      | Reached skill level 9 in Fighting
  6616 | D:6      | Found a staircase to the Ecumenical Temple.
  6708 | D:6      | Reached XP level 10. HP: 71/78 MP: 0/0
  6729 | D:6      | Found an opulent altar of Gozag.
  6729 | D:6      | Found a burning altar of Makhleb.
  6734 | D:6      | Found a broken altar of Ashenzari.
  6737 | D:6      | Found a shadowy altar of Dithmenos.
  6753 | Temple   | Entered the Ecumenical Temple
  7106 | D:6      | XOM: divine lightning
  7531 | D:6      | XOM: scenery: 1 doors close
  7635 | D:5      | Found Wosukk's Antique Weapon Emporium.
  7971 | D:5      | XOM: cloud trail
  7990 | D:5      | XOM: give mutations
  7990 | D:5      | Gained mutation: You are completely covered in iridescent
                  | scales. (AC +6) [Xom's grace]
  7990 | D:5      | Gained mutation: Your mind is very acute. (Int +8, Str/Dex
                  | -2) [Xom's grace]
  8038 | D:5      | Reached skill level 10 in Fighting
  8295 | D:5      | XOM: scenery: summon butterflies
  8347 | D:5      | XOM: god gift: 22 gold pieces
  8560 | D:5      | XOM: cast spell 'Leda's Liquefaction'
  8597 | D:5      | XOM: god gift: fuming pink potion {god gift}
  9106 | D:7      | XOM: fake destruction
  9133 | D:7      | XOM: cleaving
  9137 | D:7      | XOM: enchant monster (good)
  9151 | D:7      | XOM: smoke on damage
  9574 | D:7      | XOM: cast spell 'Leda's Liquefaction'
  9716 | D:7      | XOM: summons 5 hostile demons
  9761 | D:7      | XOM: cloud trail
 10047 | D:7      | XOM: divination: detect items
 10056 | D:7      | XOM: summons friendly ufetubus
 10271 | D:7      | XOM: cloud trail
 10418 | D:8      | XOM: polymorph gnoll -> iguana
 10423 | D:8      | XOM: confuse monster(s)
 10427 | D:8      | Found a staircase to the Lair.
 10487 | D:8      | XOM: smoke on damage
 10492 | D:8      | Noticed Maurice
 10496 | D:8      | Reached skill level 11 in Fighting
 10498 | D:8      | Killed Maurice
 10499 | D:8      | Reached skill level 10 in Conjurations
 10538 | D:8      | XOM: 2-stop teleportation journey
 10542 | D:8      | XOM: stat loss: -1 Dex (8/9)
 10564 | D:8      | Noticed Grum
 10569 | D:8      | XOM: 1-stop teleportation journey
 10597 | D:8      | Slain by a +0 whip

Illustrated notes

Levels and vault maps discovered:
D:1:      dpeg_arrival_circle_labyrinth_c, layout_basic, basic_ecumenical_altar,
          serial_shops, nicolae_lakefront_shop
D:2:      layout_basic, uniq_terence
D:3:      layout_loops_ring, serial_shops, shop, nicolae_shop_hallway_plus,
          gup_sewer_entry_bowl, uniq_sigmund
D:4:      layout_loops_ring, serial_shops, kennysheep_little_box, shop,
          nicolae_shop_behind_doors, shop, nicolae_shop_tiny_waterfront,
          gammafunk_ghost_gnarly_gnolls, uniq_edmund
D:5:      layout_loops_cross, serial_shops, nicolae_shop_advertising_works
          [nicolae_subvault_shop_adworks]
D:6:      layout_gridville, nicolae_overflow_macrodata_refinement, temple_green
D:7:      layout_loops_corners
D:8:      layout_basic, dpeg_oklobed_lair, enter_bailey_7, minmay_orc_keep,
          uniq_erica, uniq_grum, uniq_maurice
Temple:   lightli_temple_of_artemis

Skill      XL: |  1  2  3  4  5  6  7  8  9 10 |
---------------+-------------------------------+-----
Long Blades    | 3 |  3.0
Spellcasting   | 1 2 3 5 6 7 |  7.9
Conjurations   | 1 2 3 5 7 10 | 10.1
Hexes          | 1 2 3 5 6 7 |  7.9
Summonings     | 1 2 3 5 6 7 |  7.9
Necromancy     | 1 2 3 5 6 7 |  7.9
Translocations | 1 2 3 5 6 7 |  7.9
Transmutations | 1 2 3 5 6 7 |  7.9
Fire Magic     | 1 2 3 5 6 7 |  7.9
Ice Magic      | 1 2 3 5 6 7 |  7.9
Air Magic      | 1 2 3 5 6 7 |  7.9
Earth Magic    | 1 2 3 5 6 7 |  7.9
Poison Magic   | 1 2 3 5 6 7 |  7.9
Fighting       | 4 5 6 7 9 11 | 11.2
Armour         | |  1.6
Dodging        | |  2.7

Action                     |  1- 3 |  4- 6 |  7- 9 | 10-12 || total
---------------------------+-------+-------+-------+-------++-------
  Melee: Falchion          |    72 |   189 |    41 |       ||   302
         Punch             |     1 |     1 |     3 |     2 ||     7
         Flail             |       |       |   142 |   300 ||   442
   Cast: Freeze            |     2 |     9 |     9 |       ||    20
         Summon Guardian G |       |       |    11 |    18 ||    29
         Teleport Other    |       |       |     2 |     3 ||     5
  Evoke: Wand              |       |       |     3 |    15 ||    18
    Use: Scroll            |       |     5 |     5 |    12 ||    22
         Potion            |       |       |     2 |     1 ||     3
   Stab: Sleeping          |     2 |     1 |       |       ||     3
         Distracted        |       |       |       |     2 ||     2
 Armour: Leather armour    |    29 |   120 |   183 |   396 ||   728
         Plate armour      |    15 |       |       |       ||    15
  Dodge: Dodged            |    25 |   128 |   150 |   310 ||   613

Table legend: (Time is in decaauts)
 A = Elapsed time spent in this place.
 B = Non-inter-level travel time spent in this place.
 C = Inter-level travel time spent in this place.
 D = Time resting spent in this place.
 E = Time spent auto-exploring this place.
 F = Levels seen in this place.
 G = Mean time per level.
                   A        B        C        D        E       F      G
               +--------+--------+--------+--------+--------+-----+--------+
         Total |  10804 |  10470 |    334 |   1303 |   6684 |  10 | 1080.4 |
       Dungeon |  10421 |  10089 |    332 |   1303 |   6494 |   8 | 1302.6 |
        Temple |      1 |      0 |      1 |      0 |      0 |   1 |    1.0 |
         Sewer |    381 |    381 |      0 |      0 |    190 |   1 |  381.0 |
               +--------+--------+--------+--------+--------+-----+--------+

Top non-repeatable levels by time:
     D:4: 2250 daAuts
     D:7: 1703 daAuts
     D:2: 1523 daAuts
     D:5: 1309 daAuts
     D:6: 1307 daAuts
     D:1: 1110 daAuts
     D:3: 1008 daAuts
   Sewer: 381 daAuts
     D:8: 207 daAuts
  Temple: 1 daAuts
